 Dungeon Crawl Stone Soup version 0.30-a0-830-gfe289a77b0 (webtiles) character file.

Game seed: 4809396099339609174

11469 arthad the Summoner (level 11, -5/49 HPs)
             Began as a Felid Summoner on Feb 28, 2023.
             Was an Initiate of Gozag.
             Shot with an arrow by a centaur warrior (17 damage)
             ... on level 13 of the Dungeon on Mar 1, 2023.
             The game lasted 01:08:26 (16067 turns).

arthad the Summoner (Felid Summoner)               Turns: 16067, Time: 01:08:27

Health: -5/49      AC:  3    Str:  4    XL:     11   Next: 49%
Magic:  24/34      EV: 23    Int: 22    God:    Gozag
Gold:   2319       SH:  0    Dex: 16    Spells: 14/29 levels left
                                        Lives:  0   Deaths: 2

rFire   . . .      SeeInvis +      - Unarmed
rCold   + . .      Faith    .    (shield unavailable)
rNeg    . . .      Spirit   .    (body armour unavailable)
rPois   .          Reflect  .    (helmet unavailable)
rElec   .          Harm     .    (cloak unavailable)
rCorr   .          Rampage  .    (gloves unavailable)
Will    +....                    (boots unavailable)
Stlth   ++                       (no amulet)
HPRegen 0.28/turn                p - ring of wizardry
MPRegen 0.24/turn                s - ring of magical power

@: quick
A: very small, claws 1, fangs 3, see invisible, speed 1, shaggy fur 3, stealthy
paws, no weapons or thrown items, no armour, multi-lived
a: Renounce Religion, Potion Petition, Call Merchant, Bribe Branch


You were on level 13 of the Dungeon.
You worshipped Gozag.
Gozag was most pleased with you.
You visited 2 branches of the dungeon, and saw 14 of its levels.

You collected 2745 gold pieces.
You spent 220 gold pieces at shops.
You paid 206 gold pieces to Gozag.

Inventory:

Armour
 y - the +18 Lear's hauberk
   (You found it on level 7 of the Dungeon)
 G - the +5 chain mail "Afanuh" {rN+ Int+4}
   (You found it on level 9 of the Dungeon)

   Int:       It affects your intelligence (+4).
   rN:        It protects you from negative energy.
Jewellery
 p - a ring of wizardry (left paw)
 r - a ring of willpower
 s - a ring of magical power (right paw)
 C - a ring of fire
 F - a ring of flight
 M - a ring of wizardry
 P - an amulet of faith
Wands
 g - a wand of mindburst (9)
 l - a wand of charming (9)
 E - a wand of light (1)
 H - a wand of flame (11)
 O - a wand of iceblast (3)
Scrolls
 c - 2 scrolls of magic mapping {unknown}
 d - 5 scrolls of teleportation
 f - 4 scrolls of blinking {unknown}
 h - a scroll of fog {unknown}
 i - 7 scrolls of enchant armour
 j - 3 scrolls of immolation {unknown}
 n - 2 scrolls of amnesia {unknown}
 o - a scroll of vulnerability {unknown}
 q - a scroll of fear {unknown}
 u - 4 scrolls of enchant weapon {unknown}
 v - 2 scrolls of poison {unknown}
 z - 2 scrolls of acquirement {unknown}
 A - a scroll of identify
 I - a scroll of silence {unknown}
 K - a scroll of brand weapon {unknown}
 N - a scroll of noise
Potions
 a - 2 potions of magic
 b - 4 potions of ambrosia
 e - 2 potions of invisibility
 k - 7 potions of mutation
 m - 2 potions of haste
 t - 2 potions of might
 w - 2 potions of heal wounds
 x - 5 potions of flight
 B - 3 potions of curing
 D - a potion of cancellation
 J - a potion of lignification
 L - 2 potions of degeneration


   Skills:
 + Level 6.8 Fighting
 + Level 9.6 Dodging
 - Level 2.6 Stealth
 + Level 6.8 Unarmed Combat
 * Level 9.5 Spellcasting
 - Level 5.0 Hexes
 * Level 11.3 Summonings
 + Level 7.4 Translocations
 * Level 9.1 Air Magic
 - Level 5.0 Evocations


You had 14 spell levels left.
You knew the following spells:

 Your Spells              Type           Power      Damage    Failure   Level
a - Summon Small Mammal   Summ           100%       N/A       1%          1
b - Call Imp              Summ           57%        N/A       1%          2
c - Call Canine Familiar  Summ           57%        N/A       1%          3
d - Summon Guardian Gole  Hex/Summ       46%        N/A       1%          3
e - Summon Lightning Spi  Summ/Air       53%        N/A       1%          4
f - Blink                 Tloc           86%        N/A       1%          2

Your spell library contained the following spells:

 Spells                   Type           Power      Damage    Failure   Level
 Slow                     Hex            100%       N/A       1%          1
 Lesser Beckoning         Tloc           86%        N/A       1%          2
 Momentum Strike          Conj/Tloc      52%        3d9       1%          2
 Static Discharge         Conj/Air       60%        2-5/arc   1%          2
 Confusing Touch          Hex            32%        N/A       1%          3
 Gell's Gravitas          Tloc           43%        N/A       1%          3
 Teleport Other           Tloc           43%        N/A       1%          3
 Vhi's Electric Charge    Tloc/Air       92%        N/A       1%          3
 Freeze                   Ice            40%        1d6       2%          1
 Magic Dart               Conj           40%        1d5       2%          1
 Mephitic Cloud           Conj/Pois/Air  23%        N/A       2%          3
 Frozen Ramparts          Ice            20%        1d4       8%          3
 Hailstorm                Conj/Ice       10%        3d5       8%          3
 Vampiric Draining        Necr           10%        2d6       8%          3
 Arcjolt                  Conj/Air       15%        1d25      11%         5
 Lightning Bolt           Conj/Air       15%        1d29      11%         5
 Dispersal                Tloc           21%        N/A       19%         6
 Spellforged Servitor     Conj/Summ      17%        N/A       88%         7
 Orb of Destruction       Conj           5%         9d5       100%        7


Dungeon Overview and Level Annotations

Branches:
Dungeon (13/15)            Temple (1/1) D:5            Lair (0/5) D:11
    Orc (0/2) D:10         Vaults (0/5) D:13

Altars:
Ashenzari
Cheibriados
Dithmenos
Elyvilon
Fedhas
Gozag
Hepliaklqana
Kikubaaqudgha
Makhleb
Nemelex Xobeh
Okawaru
Qazlal
Ru
Sif Muna
Trog
Uskayaw
Vehumet
Wu Jian
Xom
Yredelemnul
Zin
The Shining One

Shops:
D:3 ([(=:


Innate Abilities, Weirdness & Mutations

You have sharp claws.
You have razor-sharp teeth.
You have supernaturally acute eyesight. (SInv)
You cover ground quickly. (Speed+)
Your thick and shaggy fur keeps you warm. (AC +3, rC+)
Your paws help you pounce on unaware monsters.
You are incapable of wielding weapons or throwing items.
You cannot wear armour.
You gain extra lives every three experience levels.


Message History

Your wolf barely misses the manticore.
The manticore closely misses your wolf. The manticore claws your wolf.
The manticore claws your wolf!
Your lightning spire shoots out a bolt of lightning at the manticore!
The bolt of electricity hits your guardian golem.
Your guardian golem resists.
The bolt of electricity hits the manticore!
Your wolf bites the manticore.
Your wolf completely misses the manticore.
The manticore bites your wolf! The manticore closely misses your wolf.
The manticore claws your wolf!
Your guardian golem overheats!
Your wolf bites the manticore!
The manticore dies!
Your guardian golem disappears in a puff of smoke!
Your lightning spire disappears in a puff of smoke!
Your wolf disappears in a puff of smoke!
You now have 2294 gold pieces (gained 20).
You now have 2319 gold pieces (gained 25).
The cyclops shouts!
The centaur warrior shouts!
The centaur warrior wields a +0 shortbow.
The centaur warrior shoots an arrow.
The arrow hits you!
Casting: Call Canine Familiar (safe; 1% risk of failure)
Confirm with . or Enter, or press ? or * to list all spells.
An electric hum fills the air.
The centaur warrior shoots an arrow.
The arrow hits you!
Casting: Summon Lightning Spire (safe; 1% risk of failure)
Confirm with . or Enter, or press ? or * to list all spells.
A guardian golem appears, shielding your allies.
The centaur warrior shoots an arrow.
The arrow hits you!
* * * LOW HITPOINT WARNING * * *
Your lightning spire shoots out a bolt of lightning at the cyclops!
The bolt of electricity hits the cyclops!
Casting: Summon Guardian Golem (safe; 1% risk of failure)
Confirm with . or Enter, or press ? or * to list all spells.
The centaur warrior shoots an arrow.
The arrow hits your wolf!!
Your wolf dies!
Your wolf's corpse disappears in a puff of smoke!
The centaur warrior shoots an arrow.
The arrow hits you!
You die...
Your body crumbles into a pile of gold.

................#
..............#.#
...##.....##.##^#
..####....##..#.## .##
##...###....# ### ##)..#
##.#.# ..####)...# #.#9#
5#.##.....# #.#.#
.5.#......# #.#@#
...').)...# #.#.#
...#...[..##....8ยง.[c.#
.#.##5....##....>.c...#
..####....##..........#
### ##...##..C.......#
)## ##.####..........#
..####..# #..........#
...##...# #..........#


You could see a centaur warrior, a cyclops (ally target), a friendly guardian
golem (summoned) and a friendly lightning spire (summoned, sheltered).

Vanquished Creatures
  Lodul (D:13)
  An unseen horror (D:12)
  An acid dragon (D:11)
  3 ogres (D:13)
  A bullfrog (D:6)
  A killer bee (D:7)
  An electric eel (D:10)
  A gnoll bouda (D:5)
  8 gnolls (D:5)
  An adder (D:5)
  An orc (D:7)
  A ball python (D:2)
  A bat (D:1)
  An endoplasm (D:1)
  A giant cockroach (D:1)
  A goblin (D:3)
  A hobgoblin (D:1)
  A kobold (D:8)
27 creatures vanquished.

Vanquished Creatures (collateral kills)
  3 vault guards (D:13)
  A hydra (D:13)
  A centaur warrior (D:13)
  2 two-headed ogres
  An orc knight (D:10)
  An ugly thing (D:12)
  5 manticores
  A cyclops (D:12)
  A black mamba (shapeshifter) (D:13)
  A gargoyle (D:11)
  3 kobold demonologists
  2 unseen horrors
  2 trolls (D:10)
  2 slime creatures
  2 shadows
  A wraith (D:11)
  13 yaks
  2 wyverns
  Grum (D:11)
  5 vampire mosquitoes
  2 acid dragons (D:11)
  A water moccasin (D:7)
  An ice beast (D:8)
  7 orc warriors
  A sky beast (D:6)
  6 ogres
  2 wolves (D:11)
  A phantom (D:5)
  5 centaurs
  3 lemures (D:8)
  4 gnoll sergeants
  7 kobold brigands
  2 bullfrogs
  A scorpion (D:6)
  3 wights (D:8)
  10 killer bees
  An electric eel (D:11)
  10 howler monkeys
  3 hounds
  9 orc priests
  2 jellies
  2 gnoll boudas
  Ijyb (D:3)
  5 orc wizards
  2 iguanas (D:6)
  5 adders
  34 gnolls
  2 ufetubi
  2 worms
  5 dart slugs
  48 orcs
  6 bats
  8 endoplasms
  5 giant cockroaches
  8 goblins
  6 hobgoblins
  6 jackals
  7 quokkas
  8 ball pythons
  3 frilled lizards
  18 kobolds
  7 rats
319 creatures vanquished.

Vanquished Creatures (others)
  Rupert (D:13)
  Snorg (D:13)
  A vault guard (D:13)
  A centaur warrior (D:13)
  Pikel (D:8)
  An ugly thing (D:12)
  A manticore (D:13)
  A cyclops (D:13)
  Maggie (D:7)
  A kobold demonologist (D:6)
  A troll (D:13)
  Prince Ribbit (D:5)
  A slime creature (D:13)
  A shadow (D:11)
  A human (D:10)
  A wraith (D:13)
  11 yaks
  A wyvern (D:5)
  Menkaure (D:5)
  2 water moccasins
  2 orc warriors
  A sky beast (D:6)
  A black bear (D:5)
  An ogre (D:4)
  A centaur (D:13)
  A lemure (D:8)
  A gnoll sergeant (D:6)
  A scorpion (D:5)
  3 killer bees (D:11)
  3 iguanas (D:5)
  An orc wizard (D:7)
  6 gnolls
  A white imp (D:8)
  4 orcs
  A kobold (D:6)
  2 plants (D:10)
61 creatures vanquished.

Grand Total: 407 creatures vanquished

Notes
Turn   | Place    | Note
-------+----------+-------------------------------------------
     0 | D:1      | arthad the Felid Summoner began the quest for the Orb.
     0 | D:1      | Reached XP level 1. HP: 7/7 MP: 4/4
   164 | D:1      | Reached XP level 2. HP: 11/11 MP: 0/6
   169 | D:1      | Learned a level 2 spell: Call Imp
   949 | D:2      | Reached skill level 5 in Summonings
   983 | D:2      | Reached XP level 3. HP: 14/14 MP: 2/7
   987 | D:2      | Learned a level 3 spell: Call Canine Familiar
  1064 | D:2      | Found a faded altar of an unknown god.
  1081 | D:2      | Reached skill level 1 in Hexes
  1145 | D:2      | Reached XP level 4. HP: 18/18 MP: 3/8
  1947 | D:3      | Found Jihaheet's Antique Weapon Shoppe.
  1979 | D:3      | Noticed Ijyb
  1995 | D:3      | Killed Ijyb
  2058 | D:3      | Found Cite Fimi's Antique Armour Boutique.
  2070 | D:3      | Found Zubuik's Weapon Shop.
  2103 | D:3      | Found a broken altar of Ashenzari.
  2206 | D:3      | Reached XP level 5. HP: 21/21 MP: 6/10
  2240 | D:3      | Found Tytaycw's Jewellery Emporium.
  2258 | D:3      | Found Ukatwaez's Book Shop.
  2689 | D:3      | Found a shimmering altar of Xom.
  2852 | D:3      | Found a blossoming altar of Fedhas.
  3215 | D:4      | Reached skill level 1 in Air Magic
  3244 | D:4      | Found a white marble altar of Elyvilon.
  3246 | D:4      | Found an iron altar of Okawaru.
  3267 | D:4      | Learned a level 3 spell: Summon Guardian Golem
  3343 | D:4      | Noticed an ogre
  3352 | D:4      | Killed an ogre
  3353 | D:4      | Reached skill level 1 in Fighting
  3353 | D:4      | Gained mutation: You are covered in thick fur. (AC +2)
                  | [Felid growth]
  3353 | D:4      | Reached XP level 6. HP: 25/25 MP: 5/11
  3706 | D:4      | Found a shadowy altar of Dithmenos.
  3869 | D:4      | Reached skill level 1 in Unarmed Combat
  3946 | D:5      | Entered Level 5 of the Dungeon
  3973 | D:5      | Noticed Menkaure
  4002 | D:5      | Reached skill level 6 in Summonings
  4002 | D:5      | Reached XP level 7. HP: 16/28 MP: 1/13
  4361 | D:5      | Noticed Prince Ribbit
  4363 | D:5      | Noticed a wyvern
  4371 | D:5      | Killed a wyvern
  4371 | D:5      | Killed Prince Ribbit
  4372 | D:5      | Reached skill level 5 in Hexes
  4372 | D:5      | Reached skill level 1 in Evocations
  4377 | D:5      | Learned a level 4 spell: Summon Lightning Spire
  4624 | D:5      | Reached XP level 8. HP: 33/33 MP: 8/15
  5032 | D:3      | Bought a ring of magical power for 220 gold pieces
  5241 | D:5      | Found a hide-covered altar of Uskayaw.
  5271 | D:5      | Killed Menkaure
  5361 | D:5      | Found a staircase to the Ecumenical Temple.
  5555 | D:6      | Noticed a kobold demonologist
  5555 | D:6      | Noticed a kobold demonologist
  5555 | D:6      | Noticed a kobold demonologist
  5558 | D:6      | Noticed a red devil
  5797 | D:6      | Reached skill level 5 in Dodging
  5930 | D:6      | Reached skill level 7 in Summonings
  5940 | D:6      | Reached skill level 5 in Spellcasting
  6096 | D:6      | Reached XP level 9. HP: 37/37 MP: 17/17
  6274 | D:6      | Noticed a sixfirhy
  6279 | D:6      | Noticed a sixfirhy
  6289 | D:6      | Killed a kobold demonologist
  6289 | D:6      | Noticed an orange demon
  6298 | D:6      | Killed a kobold demonologist
  6314 | D:6      | Noticed a rust devil
  6314 | D:6      | Killed a kobold demonologist
  6670 | D:6      | Reached skill level 8 in Summonings
  6670 | D:6      | Reached skill level 5 in Air Magic
  6912 | D:7      | Found the +18 Lear's hauberk
  7546 | D:7      | Noticed Maggie
  7562 | D:7      | Killed Maggie
  7563 | D:7      | Reached XP level 10. HP: 42/42 MP: 16/20
  8429 | D:8      | Noticed Pikel
  8440 | D:8      | Killed Pikel
  8775 | D:8      | Learned a level 2 spell: Blink
  9254 | D:8      | Reached skill level 1 in Translocations
  9656 | D:9      | Noticed a two-headed ogre
  9663 | D:9      | Reached skill level 9 in Summonings
  9674 | D:9      | Killed a two-headed ogre
  9922 | Temple   | Entered the Ecumenical Temple
 10163 | Temple   | Became a worshipper of Gozag Ym Sagoz the Greedy
 10243 | D:9      | Reached XP level 11. HP: 45/46 MP: 22/22
 10249 | D:9      | Reached skill level 5 in Evocations
 10423 | D:9      | Identified the +5 chain mail "Afanuh" {rN+ Int+4}
 10485 | D:10     | Entered Level 10 of the Dungeon
 10683 | D:10     | Found a staircase to the Orcish Mines.
 10696 | D:10     | Reached skill level 5 in Fighting
 10894 | D:10     | Reached skill level 5 in Unarmed Combat
 10908 | D:10     | Noticed an orc knight
 10916 | D:10     | Killed an orc knight
 11442 | D:10     | Found a bloodstained altar of Trog.
 12287 | D:11     | Noticed Grum
 12296 | D:11     | Killed Grum
 12368 | D:11     | Noticed a two-headed ogre
 12375 | D:11     | Killed a two-headed ogre
 12459 | D:11     | Found a staircase to the Lair.
 12605 | D:11     | Reached skill level 10 in Summonings
 12766 | D:11     | Reached skill level 5 in Translocations
 13030 | D:11     | Gained mutation: Your thick and shaggy fur keeps you warm.
                  | (AC +3, rC+) [Felid growth]
 13030 | D:11     | Reached XP level 12. HP: 30/52 MP: 25/25
 14948 | D:13     | Found a glowing silver altar of Zin.
 15072 | D:13     | Noticed a centaur warrior
 15076 | D:13     | Noticed a centaur warrior
 15077 | D:13     | Shot with an arrow by a centaur warrior
 15078 | D:13     | Reached XP level 11. HP: -13/48 MP: 25/33
 15120 | D:13     | Found a gate to the Vaults.
 15120 | D:13     | Noticed a five-headed hydra
 15120 | D:13     | Noticed a vault guard
 15120 | D:13     | Noticed a vault guard
 15120 | D:13     | Noticed a vault guard
 15120 | D:13     | Noticed a vault guard
 15134 | D:13     | Killed a five-headed hydra
 15137 | D:13     | Noticed Lodul
 15139 | D:13     | Killed a vault guard
 15140 | D:13     | Killed a vault guard
 15152 | D:13     | Killed a vault guard
 15165 | D:13     | Killed Lodul
 15166 | D:13     | Reached skill level 11 in Summonings
 15317 | D:13     | Noticed Snorg
 15327 | D:13     | Killed Snorg
 15328 | D:13     | Reached XP level 12. HP: 53/53 MP: 19/26
 15351 | D:13     | Killed a vault guard
 15458 | D:13     | Noticed Rupert
 15480 | D:13     | Killed Rupert
 15517 | D:13     | Killed a centaur warrior
 15709 | D:13     | Shot with an arrow by a centaur warrior
 15710 | D:13     | Reached XP level 11. HP: -2/49 MP: 20/34
 15723 | D:13     | Noticed a centaur warrior
 15781 | D:13     | Killed a centaur warrior
 16067 | D:13     | Shot with an arrow by a centaur warrior

Illustrated notes

Levels and vault maps discovered:
D:1:      wander_arrival_chamber, layout_rooms
D:2:      layout_basic, serial_glass, glass_columns_a, glass_columns_a,
          chequers_ecumenical_altar_simple_redux
D:3:      layout_loops_ring, tgw_xom, general_overflow_altar,
          cheibrodos_ashenzari_chains, serial_shops, nicolae_square_shop, shop,
          nicolae_shop_competitors_out_of_business, shop, nicolae_shop_stone,
          uniq_ijyb
D:4:      layout_rooms, nicolae_dithmenos_through_a_glass_darkly,
          chequers_temple_overflow_statue_of_worship, serial_bayou_pond_c,
          hangedman_minor_gate_pass
D:5:      wad_river_or_something, layout_rooms, nicolae_uskayaw_suspiria,
          minmay_temple_entry_proselytizer, uniq_menkaure, uniq_prince_ribbit1
D:6:      layout_basic
D:7:      layout_basic, grunt_ministairs_2, uniq_maggie
D:8:      layout_loops_ring, small_statue_intersection,
          kennysheep_generic_room_16, uniq_pikel
D:9:      layout_roguey
D:10:     layout_long_grid, mainiacjoe_overflow_tiny_flanked, erik_orc_4,
          minivault_20, kennysheep_cluttered_room, serial_bayou_pond_a
D:11:     layout_irregular_city, lair_entry_dummy, amcnicky_mini_pool_medium,
          uniq_grum
D:12:     layout_grid_maze
D:13:     layout_rooms, lightli_vaults_fourway_checkpoint, zin_academy,
          uniq_snorg, uniq_rupert, uniq_lodul
Temple:   eino_narrow_crystal_temple

Skill      XL: |  1  2  3  4  5  6  7  8  9 10 11 12 |
---------------+-------------------------------------+-----
Summonings     | 5 6 7 8 9 11 | 11.3
Hexes          | 1 2 3 4 5 |  5.0
Dodging        | 3 4 5 6 7 9 |  9.6
Air Magic      | 1 2 3 5 6 7 9 |  9.1
Fighting       | 1 2 3 4 5 6 |  6.8
Spellcasting   | 3 4 5 6 7 9 |  9.5
Unarmed Combat | 1 2 4 5 6 |  6.8
Evocations     | 1 2 3 4 5 |  5.0
Translocations | 2 5 7 |  7.4
Stealth        | |  2.6

Action                     |  1- 3 |  4- 6 |  7- 9 | 10-12 || total
---------------------------+-------+-------+-------+-------++-------
  Melee: Unarmed           |    17 |    12 |    35 |    28 ||    92
         Bite              |     4 |       |     6 |     2 ||    12
         Punch             |       |     1 |       |     1 ||     2
   Cast: Summon Small Mamm |    44 |    65 |     7 |     2 ||   118
         Call Imp          |    11 |    22 |     8 |    15 ||    56
         Call Canine Famil |       |    11 |    40 |    61 ||   112
         Summon Guardian G |       |     3 |    33 |    68 ||   104
         Summon Lightning  |       |       |    34 |    93 ||   127
         Blink             |       |       |       |     4 ||     4
  Evoke: Wand              |       |     7 |     5 |    13 ||    25
    Use: Scroll            |       |       |     4 |     8 ||    12
         Potion            |       |       |     2 |     3 ||     5
   Stab: Sleeping          |       |     1 |       |       ||     1
 Armour: Skin              |     3 |     1 |     5 |     4 ||    13
  Dodge: Dodged            |    34 |    42 |    65 |   112 ||   253

Table legend: (Time is in decaauts)
 A = Elapsed time spent in this place.
 B = Non-inter-level travel time spent in this place.
 C = Inter-level travel time spent in this place.
 D = Time resting spent in this place.
 E = Time spent auto-exploring this place.
 F = Levels seen in this place.
 G = Mean time per level.
                   A        B        C        D        E       F      G
               +--------+--------+--------+--------+--------+-----+--------+
         Total |  14519 |  13961 |    558 |    412 |  10469 |  14 | 1037.1 |
       Dungeon |  14310 |  13774 |    536 |    412 |  10292 |  13 | 1100.8 |
        Temple |    208 |    186 |     22 |      0 |    177 |   1 |  208.0 |
               +--------+--------+--------+--------+--------+-----+--------+

Top non-repeatable levels by time:
     D:5: 1623 daAuts
    D:10: 1427 daAuts
    D:12: 1419 daAuts
     D:7: 1362 daAuts
    D:11: 1240 daAuts
     D:3: 1118 daAuts
     D:6: 1094 daAuts
    D:13: 951 daAuts
     D:2: 919 daAuts
     D:8: 917 daAuts
     D:1: 841 daAuts
     D:4: 742 daAuts
     D:9: 652 daAuts
  Temple: 208 daAuts
